 Dungeon Crawl Stone Soup version 0.32-a0-40-g2adb59ae06 (webtiles) character file.

Game seed: 9009042643305913672

457 muttybuddy the Chopper (level 6, -1/56 HPs)
             Began as a Minotaur Berserker on Jan 24, 2024.
             Was a Priest of Trog.
             Slain by a gnoll
             ... wielding a +2 heavy flail
             ... led by a gnoll bouda
              (10 damage)
             ... on level 5 of the Dungeon.
             The game lasted 00:21:22 (3515 turns).

muttybuddy the Chopper (Minotaur Berserker)         Turns: 3515, Time: 00:21:22

Health: -1/56      AC: 17    Str: 24    XL:     6   Next: 77%
Magic:  5/5        EV:  9    Int:  4    God:    Trog [***...]
Gold:   255        SH:  0    Dex:  9    Spells: 5/5 levels left

rFire   . . .        a - +0 hand axe
rCold   . . .        (no shield)
rNeg    . . .        w - +8 chain mail {ponderous}
rPois   .            (helmet restricted)
rElec   .            (no cloak)
rCorr   .            (no gloves)
SInv    .            (no boots)
Will    .....        (no amulet) Stlth
                     (no ring)
HPRegen 0.29/turn    (no ring)
MPRegen 0.09/turn

%: no passive effects
@: slow
A: horns 2, retaliatory headbutt
a: Renounce Religion, Berserk, Trog's Hand


You were on level 5 of the Dungeon.
You worshipped Trog.
Trog was most pleased with you.
You visited 1 branch of the dungeon, and saw 5 of its levels.

You collected 255 gold pieces.

Inventory:

Hand Weapons
 a - a +0 hand axe (weapon)
Armour
 w - a +8 chain mail of ponderousness (worn)
Magical Staves
 q - a staff of death
Scrolls
 d - 2 scrolls of identify {unknown}
 g - 4 scrolls of noise {unknown}
 h - a scroll of vulnerability {unknown}
 k - 2 scrolls of revelation {unknown}
 l - a scroll of teleportation {unknown}
 m - a scroll of butterflies {unknown}
 p - a scroll of enchant armour {unknown}
 x - a scroll of silence {unknown}
 y - 2 scrolls of enchant weapon {unknown}
Potions
 b - a potion of invisibility {unknown}
 c - 3 potions of enlightenment {unknown}
 e - 2 potions of ambrosia {unknown}
 f - 3 potions of might {unknown}
 i - a potion of curing {unknown}
 j - a potion of berserk rage {unknown}
 n - a potion of attraction {unknown}
 o - a potion of degeneration {unknown}
 r - a potion of lignification {unknown}
 s - 3 potions of heal wounds {unknown}
 t - 3 potions of haste {unknown}
 u - a potion of mutation {unknown}
 v - a potion of brilliance {unknown}


   Skills:
 + Level 5.5 Fighting
 + Level 5.6 Axes
 + Level 4.9 Armour
 + Level 4.3 Dodging


You had 5 spell levels left.
You didn't know any spells.
Your spell library was empty.

Dungeon Overview and Level Annotations

Branches:
Dungeon (5/15) Zot: 26263
 Temple: D:4-7

Altars:
Nemelex Xobeh
Okawaru

Shops:
D:3 *


Innate Abilities, Weirdness & Mutations

You have a pair of horns on your head.
You reflexively headbutt those who attack you in melee.


Message History

A gnoll comes into view. It is wielding a +2 heavy flail.
The gnoll shouts!
You hear a shout!
The white imp gestures at you. The puff of frost hits you.
You see here 8 gold pieces.
You see here 8 gold pieces.
You now have 255 gold pieces (gained 8).
The gnoll hits you with a +2 heavy flail!
The gnoll closely misses you.
You closely miss the white imp. You barely miss the gnoll.
The white imp barely misses you.
The gnoll hits you from afar with a +0 halberd.
The gnoll hits you with a +2 heavy flail.
You closely miss the white imp. You hit the gnoll but do no damage.
The white imp closely misses you. You furiously retaliate!
You headbutt the white imp, but do no damage.
The gnoll barely misses you.
You barely miss the white imp. You hit the gnoll but do no damage.
The gnoll hits you with a +2 heavy flail.
The white imp hits you but does no damage.
The gnoll hits you from afar with a +0 halberd.
You barely miss the white imp. You headbutt the white imp!
The white imp is severely wounded.
You hit the gnoll. The white imp gestures at you. The puff of frost hits you!
* * * LOW HITPOINT WARNING * * *
The gnoll barely misses you.
The gnoll hits you with a +2 heavy flail!
* * * LOW HITPOINT WARNING * * *
You hit the gnoll. Your headbutt misses the gnoll.
The gnoll is moderately wounded.
You hit the white imp but do no damage.
The white imp hits you but does no damage.
The gnoll barely misses you. The white imp closely misses you.
You furiously retaliate!
You headbutt the white imp.
You kill the white imp!
Trog accepts your kill.
The gnoll hits you with a +2 heavy flail!
You die...

#............#
##...............
#.............?..
##..........#.....
.......#....#.....
##...............
#.....g........#
#.#:.##g.........#.
.....###@#.........
#.......#<........
###..#............
## ##...........
#...........
.........##.
#.....##.## ....###
.. ..##.. .#


You could see 2 gnolls.

Vanquished Creatures
  The ghost of pazhot the Chopper, an amateur HOFi (D:4)
  A phantom (D:4)
  A scorpion (D:4)
  8 adders
  A white imp (D:5)
  2 dart slugs
  2 ribbon worms
  5 orcs (D:4)
  13 ball pythons
  4 bats
  9 endoplasms
  2 giant cockroaches
  7 hobgoblins
  6 jackals
  10 kobolds
  5 quokkas
  8 goblins
  7 rats
92 creatures vanquished.

Notes
Turn   | Place    | Note
-------+----------+-------------------------------------------
     0 | D:1      | muttybuddy the Minotaur Berserker began the quest for the
                  | Orb.
     0 | D:1      | Reached XP level 1. HP: 19/19 MP: 0/0
    81 | D:1      | Reached XP level 2. HP: 15/27 MP: 1/1
   107 | D:1      | Found a faded altar of an unknown god.
   532 | D:2      | Reached XP level 3. HP: 31/33 MP: 2/2
   577 | D:2      | Reached ** piety under Trog
   870 | D:2      | Reached XP level 4. HP: 38/40 MP: 3/3
  1553 | D:3      | Found a sparkling altar of Nemelex Xobeh.
  1566 | D:3      | Reached *** piety under Trog
  1951 | D:3      | Reached XP level 5. HP: 47/47 MP: 4/4
  2093 | D:3      | Found Bygitojo's Assorted Antiques.
  2140 | D:4      | Noticed a phantom
  2154 | D:4      | Killed a phantom
  2155 | D:4      | Reached skill level 5 in Axes
  2173 | D:4      | Found an iron altar of Okawaru.
  2280 | D:4      | Found a runed translucent door.
  2280 | D:4      | Noticed pazhot's ghost (amateur HOFi)
  2477 | D:4      | Reached skill level 5 in Fighting
  2811 | D:4      | Reached XP level 6. HP: 49/56 MP: 5/5
  3399 | D:4      | Killed pazhot's ghost
  3500 | D:5      | Entered Level 5 of the Dungeon
  3515 | D:5      | Slain by a gnoll

Illustrated notes

Levels and vault maps discovered:
D:1:      minmay_arrival_plants_in_alcoves, layout_rooms,
          shapermc_ecumenical_altar_flowoftime, kennysheep_flooded_box,
          minmay_misc_feat_room
D:2:      layout_loops_ring, chequers_mini_garden
D:3:      layout_basic, mainiacjoe_overflow_tiny_flanked, serial_shops, shop,
          nicolae_elevator_lobby_plus
D:4:      layout_layer_cave, mainiacjoe_overflow_surrounded_room,
          hellmonk_ghost_happy_afterlife
D:5:      layout_cave_pools, elyvilon_altar_5

Skill      XL: |  1  2  3  4  5 |
---------------+----------------+-----
Axes           | 4 5 |  5.6
Fighting       | 4 5 |  5.5
Armour         | 3 4 |  4.9
Dodging        | 3 4 |  4.3

Action                     |  1- 3 |  4- 6 || total
---------------------------+-------+-------++-------
  Melee: Hand axe          |   103 |   138 ||   241
         Headbutt          |    16 |    18 ||    34
         Punch             |     2 |     1 ||     3
 Invoke: Berserk           |     1 |     1 ||     2
 Armour: Animal skin       |    21 |       ||    21
         Ring mail         |    32 |     7 ||    39
         Chain mail        |       |    84 ||    84
  Dodge: Dodged            |    49 |    74 ||   123

Table legend: (Time is in decaauts)
 A = Elapsed time spent in this place.
 B = Non-inter-level travel time spent in this place.
 C = Inter-level travel time spent in this place.
 D = Time resting spent in this place.
 E = Time spent auto-exploring this place.
 F = Levels seen in this place.
 G = Mean time per level.
                   A        B        C        D        E       F      G
               +--------+--------+--------+--------+--------+-----+--------+
         Total |   3735 |   3663 |     72 |      2 |   1620 |   5 |  747.0 |
       Dungeon |   3735 |   3663 |     72 |      2 |   1620 |   5 |  747.0 |
               +--------+--------+--------+--------+--------+-----+--------+

Top non-repeatable levels by time:
     D:4: 1497 daAuts
     D:3: 977 daAuts
     D:2: 711 daAuts
     D:1: 533 daAuts
     D:5: 15 daAuts
